 Dungeon Crawl Stone Soup version 0.30.0-29-ga12c61a403 (webtiles) character file.

Game seed: 10699389152452962530

166 passiveaggressive the Sneak (level 5, -5/30 HPs)
             Began as a Kobold Brigand on June 26, 2023.
             Killed from afar by an orc wizard (7 damage)
             ... with a puff of flame
             ... on level 3 of the Dungeon.
             The game lasted 00:03:27 (2577 turns).

passiveaggressive the Sneak (Kobold Brigand)        Turns: 2577, Time: 00:03:28

Health: -5/30      AC:  3    Str:  5 (8)  XL:     5   Next: 76%
Magic:  5/5        EV: 14    Int: 11 (12) God:
Gold:   155        SH:  0    Dex: 16 (19) Spells: 4/4 levels left

rFire   . . .        a - +2 dagger
rCold   . . .        (no shield)
rNeg    . . .        b - +0 robe
rPois   .            (no helmet)
rElec   .            p - +0 cloak
rCorr   .            (no gloves)
SInv    .            (no boots)
Will    .....        (no amulet)
Stlth   ++++         (no ring)
HPRegen 0.25/turn    (no ring)
MPRegen 0.09/turn

%: no passive effects
@: no status effects
A: small, no large weapons, nightstalker 3
a: no special abilities


You were on level 3 of the Dungeon.
You visited 1 branch of the dungeon, and saw 3 of its levels.

You collected 155 gold pieces.

Inventory:

Hand Weapons
 a - a +2 dagger (weapon)
Missiles
 d - 16 poisoned darts (quivered)
 e - 3 curare-tipped darts
 i - 2 boomerangs of dispersal
Armour
 b - a +0 robe (worn)
 c - a +0 cloak
 p - a +0 cloak (worn)
Scrolls
 g - a scroll of teleportation
 h - a scroll of amnesia {unknown}
 j - a scroll of magic mapping
 k - a scroll of identify {unknown}
 l - a scroll of torment {unknown}
 m - a scroll of acquirement {unknown}
Potions
 f - a potion of degeneration
 n - a potion of berserk rage {unknown}
 o - a potion of might {unknown}


   Skills:
 - Level 2.1 Fighting
 + Level 4.7 Short Blades
 + Level 3.8 Throwing
 - Level 1.2 Dodging
 + Level 6.8 Stealth


You had 4 spell levels left.
You didn't know any spells.
Your spell library contained the following spells:

 Spells                   Type           Power      Damage    Failure   Level
 Blink                    Tloc           0%         N/A       47%         2
 Manifold Assault         Tloc           0%         N/A       98%         4
 Storm Form               Tmut/Air       0%         N/A       100%        7


Dungeon Overview and Level Annotations

Branches:
Dungeon (3/15)

Altars:
Okawaru


Innate Abilities, Weirdness & Mutations

You are small and have problems with some larger weapons.
You are completely attuned to the shadows.


Message History

It was a potion of degeneration.
There was something very wrong with that liquid.
You feel weakened.
You feel dopey.
You feel clumsy. The orc wizard misses you.
You hit the orc wizard.
The orc wizard is heavily wounded.
The orc wizard points at you and mumbles some strange words.
You are confused.
You bump into the rock wall.
The orc wizard closely misses you.
You bump into the rock wall.
The orc wizard casts a spell at you. You resist with some effort.
You bump into the rock wall.
The orc wizard hits you with a +0 dagger.
* * * LOW HITPOINT WARNING * * *
You bump into the rock wall.
The orc wizard barely misses you.
You bump into the rock wall.
You feel less confused.
The orc wizard hits you but does no damage.
You hit the orc wizard but do no damage.
The orc wizard is heavily wounded.
You hit the orc wizard.
The orc wizard is severely wounded.
The orc wizard hits you with a +0 dagger.
* * * LOW HITPOINT WARNING * * *
You hit the orc wizard.
The orc wizard is almost dead.
The orc wizard casts a spell at you. The puff of flame hits you!
* * * LOW HITPOINT WARNING * * *
You hit the orc wizard.
The orc wizard is almost dead.
The orc wizard closely misses you.
You closely miss the orc wizard.
The orc wizard is almost dead.
You closely miss the orc wizard.
The orc wizard is almost dead.
The orc wizard gestures at you while chanting.
The puff of flame hits you!
You die...

*,* *,* *,* *,* *,*
*,***############
*,,,,...........#
***********###############.#
,,,,,,,,,,,....o@)..)....#.#
***********############.##.#
#....# #.##.# ######


You could see an orc wizard.

Vanquished Creatures
  A scorpion (D:3)
  Jessica (D:2)
  2 adders (D:2)
  A worm (D:2)
  2 dart slugs
  5 orcs
  3 ball pythons
  10 bats
  5 endoplasms
  2 giant cockroaches (D:1)
  4 goblins (D:1)
  8 hobgoblins
  2 kobolds (D:1)
  A frilled lizard (D:1)
  4 rats
51 creatures vanquished.

Notes
Turn   | Place    | Note
-------+----------+-------------------------------------------
     0 | D:1      | passiveaggressive the Kobold Brigand began the quest for
                  | the Orb.
     0 | D:1      | Reached XP level 1. HP: 12/12 MP: 1/1
    63 | D:1      | Reached XP level 2. HP: 17/17 MP: 2/2
   249 | D:1      | Reached XP level 3. HP: 17/21 MP: 3/3
   937 | D:2      | Reached skill level 6 in Stealth
  1037 | D:2      | You fall into a shaft and drop 1 floor!
  1268 | D:2      | Noticed Jessica
  1272 | D:2      | Killed Jessica
  1273 | D:2      | Reached XP level 4. HP: 26/26 MP: 4/4
  1516 | D:2      | Found an iron altar of Okawaru.
  1658 | D:2      | Reached XP level 5. HP: 30/30 MP: 5/5
  1906 | D:2      | Found a faded altar of an unknown god.
  2577 | D:3      | Killed from afar by an orc wizard

Illustrated notes

Levels and vault maps discovered:
D:1:      minmay_arrival_five_plusses, layout_loops_ring
D:2:      layout_loops_cross, basic_altar,
          hellmonk_ecumenical_altar_defaced_shrine, uniq_jessica
D:3:      layout_basic

Skill      XL: |  1  2  3 |
---------------+----------+-----
Short Blades   | 3 4 |  4.7
Throwing       | 3 |  3.8
Stealth        | 6 |  6.8
Fighting       | |  2.1
Dodging        | |  1.2

Action                     |  1- 3 |  4- 6 || total
---------------------------+-------+-------++-------
  Melee: Dagger            |    82 |    60 ||   142
         Punch             |     1 |       ||     1
    Use: Scroll            |     1 |     1 ||     2
         Potion            |       |     1 ||     1
   Stab: Sleeping          |    21 |    12 ||    33
 Armour: Robe              |    17 |     5 ||    22
  Dodge: Dodged            |    49 |    31 ||    80
